Map: Frozen Temple

Players

llllllllllll - Winner!

  • Race: Protoss Protoss
  • League: Grandmaster

IIIIIIIIIIII (State)

  • Race: Protoss Protoss
  • League: Grandmaster

VOD

Have the link to the VOD?

Description

Time

  • Played on: Aug. 4, 2016, 12:36 a.m.
  • Length: 10:02
Show
View Real Time Build Order
Export as new Build Order

llllllllllll Protoss - Winner!

Build Orders:  

Get SALT Encoding   

  12  0:00  Probe (Chrono Boost)  
  13  0:11  Probe (Chrono Boost)  
  14  0:17  Pylon  
  14  0:22  Probe (Chrono Boost)  
  15  0:36  Gateway, Probe (Chrono Boost)  
  16  0:46  Probe (Chrono Boost)  
  16  0:47  Assimilator  
  17  0:52  Assimilator  
  18  0:57  Probe (Chrono Boost)  
  18  1:07  Probe (Chrono Boost)  
  18  1:08  Gateway  
  19  1:18  Probe (Chrono Boost)  
  20  1:23  Cybernetics Core  
  20  1:28  Probe (Chrono Boost)  
  21  1:36  Pylon  
  21  1:39  Probe (Chrono Boost)  
  22  1:49  Probe (Chrono Boost)  
  22  1:53  Warp Gate  
  23  1:57  Adept x2  
  29  2:09  Mothership Core (Chrono Boost)  
  29  2:19  Robotics Facility  
  29  2:31  Pylon  
  29  2:38  Stalker  
  31  2:49  Sentry  
  33  2:56  Pylon  
  33  3:04  Immortal  
  37  3:38  Warp Prism  
  33  3:42  Gateway  
  33  3:58  Gateway, Pylon  
  33  4:02  Sentry x2  
  37  4:15  Nexus  
  37  4:27  Sentry x2  
  41  4:34  Immortal  
  46  4:39  Probe (Chrono Boost)  
  46  4:57  Adept x3  
  53  5:08  Probe (Chrono Boost)  
  53  5:20  Probe (Chrono Boost)  
  54  5:23  Immortal  
  54  5:25  Pylon  
  58  5:30  Probe (Chrono Boost)  
  59  5:37  Sentry  
  59  5:38  Adept x2  
  59  5:41  Probe (Chrono Boost)  
  66  5:43  Probe (Chrono Boost)  
  67  5:56  Probe (Chrono Boost)  
  69  5:57  Probe (Chrono Boost)  
  69  6:03  Immortal  
  69  6:07  Probe (Chrono Boost)  
  69  6:08  Probe (Chrono Boost)  
  75  6:18  Probe (Chrono Boost)  
  76  6:20  Probe (Chrono Boost)  
  76  6:25  Adept x2  
  71  6:26  Sentry  
  66  6:33  Probe x2 (Chrono Boost)  
  66  6:37  Immortal  
  61  6:45  Probe (Chrono Boost)  
  66  6:48  Probe (Chrono Boost)  
  66  6:50  Adept, Assimilator  
  69  6:58  Adept x2, Probe (Chrono Boost)  
  74  7:05  Probe (Chrono Boost)  
  76  7:10  Probe (Chrono Boost)  
  76  7:13  Adept  
  78  7:16  Pylon x2  
  78  7:18  Gateway  
  78  7:29  Assimilator, Immortal  
  78  7:34  Sentry  
  78  7:35  Adept  
  86  7:38  Adept  
  88  7:45  Probe (Chrono Boost)  
  88  7:46  Probe (Chrono Boost)  
  88  7:47  Pylon  
  88  7:50  Pylon, Sentry  
  92  7:58  Adept  
  88  8:15  Sentry  
  88  8:16  Zealot, Sentry  
  88  8:28  Adept x2  
  88  8:30  Nexus  
  68  8:42  Adept x2  
  68  8:54  Stalker  
  68  8:55  Stalker x2  
  68  9:01  Immortal  
  70  9:05  Stalker x2  
  80  9:12  Gateway  
  78  9:20  Zealot, Sentry x2  
  72  9:41  Adept x2  
  72  9:42  Adept  
  72  9:44  Adept  
  74  9:54  Adept  
Show
View Real Time Build Order
Export as new Build Order

IIIIIIIIIIII Protoss 

Build Orders:  

Get SALT Encoding   

  12  0:01  Probe (Chrono Boost)  
  13  0:11  Probe (Chrono Boost)  
  14  0:17  Pylon  
  14  0:22  Probe (Chrono Boost)  
  15  0:36  Gateway, Probe (Chrono Boost)  
  15  0:42  Assimilator  
  16  0:46  Probe (Chrono Boost)  
  17  0:52  Assimilator  
  18  0:57  Probe (Chrono Boost)  
  18  1:04  Gateway  
  18  1:08  Probe (Chrono Boost)  
  19  1:18  Probe (Chrono Boost)  
  20  1:23  Cybernetics Core  
  20  1:29  Probe (Chrono Boost)  
  21  1:35  Pylon  
  21  1:39  Probe (Chrono Boost)  
  22  1:49  Warp Gate  
  22  1:50  Probe (Chrono Boost)  
  23  2:00  Adept x2  
  27  2:05  Mothership Core (Chrono Boost)  
  29  2:14  Pylon  
  29  2:27  Adept  
  29  2:28  Adept  
  31  2:35  Probe (Chrono Boost)  
  34  2:47  Probe (Chrono Boost)  
  34  2:59  Nexus  
  34  3:06  Pylon  
  34  3:09  Probe (Chrono Boost)  
  35  3:18  Robotics Facility  
  33  3:29  Probe (Chrono Boost)  
  33  3:41  Probe (Chrono Boost)  
  33  3:53  Probe (Chrono Boost)  
  33  3:54  Robotics Facility  
  32  3:57  Gateway  
  32  4:00  Sentry x2  
  32  4:02  Immortal  
  36  4:05  Pylon  
  36  4:06  Gateway  
  40  4:14  Probe (Chrono Boost)  
  42  4:17  Probe (Chrono Boost)  
  42  4:23  Sentry  
  44  4:24  Adept  
  44  4:28  Probe (Chrono Boost)  
  44  4:29  Probe (Chrono Boost)  
  48  4:36  Warp Prism  
  49  4:42  Immortal  
  52  4:46  Probe x2 (Chrono Boost)  
  52  4:56  Stalker x2  
  56  5:01  Stalker  
  58  5:11  Pylon  
  58  5:12  Immortal  
  58  5:16  Stalker  
  64  5:26  Pylon  
  64  5:34  Adept x2  
  66  5:39  Stalker  
  68  5:43  Pylon  
  68  5:46  Immortal  
  72  5:59  Probe (Chrono Boost)  
  72  6:00  Probe (Chrono Boost)  
  72  6:03  Adept  
  72  6:04  Adept x2  
  80  6:08  Pylon  
  80  6:09  Pylon  
  81  6:12  Probe (Chrono Boost)  
  81  6:24  Stalker x2  
  59  6:40  Immortal  
  57  6:49  Adept  
  57  6:50  Zealot x2  
  57  6:52  Assimilator, Probe x2 (Chrono Boost)  
  57  6:53  Assimilator  
  65  7:03  Gateway  
  65  7:04  Probe x2 (Chrono Boost)  
  65  7:06  Gateway  
  67  7:10  Adept x2  
  67  7:11  Adept  
  73  7:18  Immortal  
  78  7:30  Adept, Probe (Chrono Boost)  
  80  7:38  Adept x2  
  84  7:48  Pylon  
  84  7:54  Twilight Council  
  84  7:59  Sentry x2  
  84  8:00  Adept  
  84  8:02  Immortal  
  90  8:16  Adept x2  
  82  8:27  Adept x3  
  74  8:40  Adept  
  74  8:41  Adept  
  70  8:44  Immortal  
  68  8:55  Stalker x3  
  64  9:07  Adept x2  
  66  9:17  Adept  
  66  9:18  Adept x2  
  64  9:36  Adept x2  
  64  9:37  Adept  
  62  9:44  Adept x2  
  58  9:48  Adept x2  
  53  9:59  Adept  
  40  10:00  Adept  
Tags
 
Add a new tag
Caveats
  • Supply blocks, unpowered buildings, or Contaminate may cause inaccurate times.
  • Supply counts are checked every 10 seconds.